 Dungeon Crawl Stone Soup version 0.27-a0-906-g0a00ce863d (webtiles) character file.

Game seed: 11003687054620958472

83249 tilp the Fighter (level 15, -6/88 HPs)
             Began as a Vine Stalker Brigand on Apr 6, 2021.
             Was the Champion of Wu Jian.
             Splashed by an oklob plant's acid (14 damage)
             ... on level 6 of the Lair of Beasts on Apr 7, 2021.
             The game lasted 00:57:59 (22126 turns).

tilp the Fighter (Vine Stalker Brigand)            Turns: 22126, Time: 00:58:00

Health: -6/88      AC:  5    Str: 19    XL:     15   Next: 76%
Magic:  0/16       EV: 16    Int: 11    God:    Wu Jian [******]
Gold:   1703       SH:  6    Dex: 17    Spells: 14/14 levels left

rFire    . . .     SeeInvis .   b - +2 Maxwell's thermic engine {flame, freeze}
rCold    + + +     Faith    .   T - +0 buckler {rC+}
rNeg     . . .     Spirit   +   J - +1 chain mail {rPois}
rPois    +         Reflect  .   t - +0 helmet of Temperance {-Cast +Inv rC+++ Regen+}
rElec    .         Harm     .   c - +2 cloak
rCorr    .         Rampage  .   y - +2 pair of gloves
Will     ++...     NoCast   +   (no boots)
Stlth    ..........             (no amulet)
HPRegen  2.24/turn              V - ring of willpower
MPRegen  0.15/turn              v - +4 ring of evasion

@: corroded
A: fangs 3, regeneration 1, magic shield, antimagic bite, no potion heal 2
a: Renounce Religion, Evoke Invisibility, Wall Jump, Serpent's Lash, Heavenly
Storm


You were on level 6 of the Lair of Beasts.
You worshipped Wu Jian.
Wu Jian was exalted by your worship.
You visited 4 branches of the dungeon, and saw 20 of its levels.
You also visited: Bailey.

You collected 2695 gold pieces.
You spent 992 gold pieces at shops.

Inventory:

Hand Weapons
 a - a +2 short sword of electrocution
 b - the +2 Maxwell's thermic engine (weapon) {flame, freeze}
   (You found it on level 6 of the Lair of Beasts)

   It has been specially enchanted to burn those struck by it, causing extra
   injury to most foes and up to half again as much damage against particularly
   susceptible opponents.
   Big, fiery blades are also staple armaments of hydra-hunters.
   It has been specially enchanted to freeze those struck by it, causing extra
   injury to most foes and up to half again as much damage against particularly
   susceptible opponents.
   It becomes more effective when it hits something.
   This effect fades over time.
 h - a +2 quick blade
 H - a +1 demon blade of draining
 Q - a +2 demon blade of venom
Missiles
 d - 23 poisoned darts (quivered)
 e - 3 curare-tipped darts
 j - 41 boomerangs
 q - 5 boomerangs of dispersal
 x - 3 atropa-tipped darts
 z - 20 javelins
 G - 2 throwing nets
Armour
 c - a +2 cloak (worn)
 g - a +1 helmet
 t - the +0 helmet of Temperance (worn) {-Cast +Inv rC+++ Regen+}
   (You acquired it on level 7 of the Dungeon)

   It renders you almost immune to cold.
   It lets you turn invisible.
   It prevents spellcasting.
   It increases your rate of health regeneration.
 y - a +2 pair of gloves (worn)
 I - the +1 pair of boots "Xeitiq" {+Inv rCorr Dex-5 SInv}
   (You bought it in a shop on level 9 of the Dungeon)

   It affects your dexterity (-5).
   It lets you see invisible.
   It lets you turn invisible.
   It protects you from acid and corrosion.
 J - a +1 chain mail of poison resistance (worn)
 R - a +3 plate armour
 S - the +0 pair of gloves of the Five Continents {rC- Regen+ Str+8 Stlth-}
   (You bought it in a shop on level 2 of the Orcish Mines)

   It affects your strength (+8).
   It makes you vulnerable to cold.
   It increases your rate of health regeneration.
   It makes you less stealthy.
 T - a +0 buckler of cold resistance (worn)
Jewellery
 p - a +6 ring of strength
 v - a +4 ring of evasion (right hand)
 E - a ring of flight
 M - an amulet of faith
 V - a ring of willpower (left hand)
Wands
 o - a wand of charming (9)
 L - a wand of iceblast (5)
 U - a wand of polymorph (13)
 W - a wand of paralysis (12)
Scrolls
 i - 2 scrolls of identify
 k - 4 scrolls of magic mapping
 l - 4 scrolls of amnesia
 m - 3 scrolls of vulnerability
 n - 4 scrolls of enchant weapon
 s - 7 scrolls of teleportation
 B - 2 scrolls of silence
 F - 2 scrolls of fog
 O - a scroll of fear
 P - 3 scrolls of blinking
 Y - 2 scrolls of enchant armour
Potions
 f - 3 potions of resistance
 r - 5 potions of curing
 w - 3 potions of haste
 A - a potion of ambrosia
 C - 2 potions of lignification
 D - a potion of attraction {unknown}
 K - 2 potions of cancellation
 N - a potion of mutation
 X - 2 potions of berserk rage {unknown}
Miscellaneous
 u - a phial of floods
 Z - a lightning rod (1/4)


   Skills:
 + Level 14.0 Fighting
 - Level 10.0 Short Blades
 - Level 6.0 Throwing
 - Level 12.0 Armour
 - Level 10.0 Dodging
 - Level 6.0 Stealth
 - Level 8.0 Shields
 - Level 6.0 Evocations


You had 14 spell levels left.
You didn't know any spells.
Your spell library contained the following spells:

 Spells                   Type           Power      Damage    Failure   Level
 Corona                   Hex            0%         N/A       94%         1
 Summon Small Mammal      Summ           0%         N/A       94%         1
 Call Imp                 Summ           0%         N/A       98%         2
 Ensorcelled Hibernation  Hex/Ice        0%         N/A       98%         2
 Call Canine Familiar     Summ           0%         N/A       100%        3
 Confusing Touch          Hex            0%         N/A       100%        3
 Dazzling Flash           Conj/Hex       0%         N/A       100%        3
 Static Discharge         Conj/Air       0%         N/A       100%        3
 Summon Guardian Golem    Hex/Summ       0%         N/A       100%        3
 Tukima's Dance           Hex            0%         N/A       100%        3
 Summon Ice Beast         Ice/Summ       0%         N/A       100%        4
 Summon Lightning Spire   Summ/Air       0%         N/A       100%        4
 Lightning Bolt           Conj/Air       0%         1d11      100%        5
 Ignition                 Fire           0%         3d3       100%        8
 Shatter                  Erth           0%         3d5*      100%        9
 Tornado                  Air            0%         N/A       100%        9


Dungeon Overview and Level Annotations

Branches:
Dungeon (11/15)            Temple (1/1) D:4            Lair (6/6) D:11
 Shoals (0/4) Lair:2       Spider (0/4) Lair:2        Slime (0/5) Lair:5
    Orc (2/2) D:10            Elf (0/3) Orc:2        Bailey (visited)

Altars:
Ashenzari
Cheibriados
Dithmenos
Elyvilon
Fedhas
Gozag
Hepliaklqana
Kikubaaqudgha
Makhleb
Nemelex Xobeh
Okawaru
Qazlal
Ru
Sif Muna
Trog
Uskayaw
Vehumet
Wu Jian
Xom
Yredelemnul
Zin
The Shining One
Beogh
Jiyva

Shops:
D:9 [   D:11 *   Orc:2 ?*:[

Portals:
Pandemonium: Orc:2

Annotations:
D:8 2 transporters, funkygono's ghost, novice DjFE
Lair:4 3 runed translucent doors, Som Pofo's ghost, journeyman DDGl
Lair:6 exclusion: 4 oklob plants


Innate Abilities, Weirdness & Mutations

You have razor-sharp teeth.
Your natural rate of healing is unusually fast.
When hurt, damage is shared between your health and your magic reserves.
Your bite disrupts and absorbs the magic of your enemies.
Potions cannot restore your health.


Message History

You are splashed with acid!
Aiming: Thunderbolt
Press: ? - help, Shift-Dir - straight line, p - oklob plant The thunderbolt hits the oklob plant!
The oklob plant is moderately damaged.
The thunderbolt hits the oklob plant.
The oklob plant is lightly damaged.
The thunderbolt hits the oklob plant!
The oklob plant is moderately damaged.
The thunderbolt hits the oklob plant.
The oklob plant is lightly damaged.
The oklob plant spits acid at you. The splash of acid hits you!
The acid corrodes you!
You are splashed with acid!
The oklob plant spits acid at you.
The splash of acid hits you but does no damage.
The acid corrodes you!
You are splashed with acid!
The oklob plant spits acid at you. The splash of acid hits you.
The acid corrodes you!
You are splashed with acid!
* * * LOW HITPOINT WARNING * * *
Aiming: Thunderbolt
Press: ? - help, Shift-Dir - straight line, f - oklob plant
Aim: an oklob plant (lightly damaged)
The thunderbolt hits the oklob plant.
The oklob plant is moderately damaged.
The thunderbolt hits the oklob plant!
The oklob plant is moderately damaged.
The thunderbolt hits the oklob plant!
The oklob plant is heavily damaged.
The thunderbolt hits the oklob plant!
The oklob plant is moderately damaged.
The oklob plant spits acid at you. The splash of acid hits you!
* * * LOW HITPOINT WARNING * * *
The acid corrodes you!
You are splashed with acid!
* * * LOW HITPOINT WARNING * * *
The oklob plant spits acid at you. The splash of acid hits you!
* * * LOW HITPOINT WARNING * * *
The acid corrodes you!
You are splashed with acid!
You die...

....(.....#......##.....#........
##..#......#......#.....#........
#...##....##.....###....#........
##........##....###..P...........
##........#.#...# ##.............
#....#...#......###...#.....##...
.#.....#####.....#...##......#...
##.....# ##.....#.#.#............
#P...P## #......@................
##.#### ##.....##.#..P#..#.....#
#.## #?[[)$##########.##P### ###
#$P[P.# #.##### #=P((. ### #..$.P
#.|.$$ ######


You could see 4 oklob plants.

Vanquished Creatures
  3 hydras
  Harold (D:9)
  3 catoblepae (Lair:6)
  A boulder beetle (D:11)
  An ogre mage (D:11)
  Erica (D:8)
  2 two-headed ogres
  14 death yaks
  7 orc high priests
  A soul eater (Orc:2)
  A fire crab (Lair:6)
  A skeletal warrior (D:11)
  A sun demon (Orc:2)
  An infernal demonspawn (Orc:2)
  3 gelid demonspawn (Orc:2)
  5 orc knights (Orc:2)
  A lindwurm (Lair:5)
  2 ugly things (D:11)
  6 orc sorcerers
  24 elephants
  2 cyclopes
  5 manticores
  5 black mambas
  A rust devil (Orc:1)
  A torpor snail (Lair:5)
  A gargoyle (D:11)
  10 cane toads
  An orange demon (Orc:2)
  5 rime drakes
  2 unseen horrors
  9 komodo dragons
  An ice devil (Orc:2)
  3 polar bears
  7 trolls
  A jumping spider (Lair:2)
  Grinder (D:5)
  A slime creature (D:11)
  11 dream sheep
  17 blink frogs
  A shadow (D:11)
  A redback (Lair:2)
  2 wraiths (D:11)
  A vampire (D:8)
  43 yaks
  A ynoxinul (Orc:2)
  4 wyverns
  5 basilisks
  2 vampire mosquitoes (D:11)
  A chaos spawn (Orc:2)
  5 steam dragons
  2 wargs (Orc:1)
  17 water moccasins
  8 ice beasts
  31 orc warriors
  A sky beast (D:5)
  3 ogres
  28 wolves
  2 black bears
  9 necrophages
  9 centaurs
  2 phantoms
  2 kobold brigands
  11 bullfrogs
  A wyvern zombie (D:8)
  2 gnoll sergeants
  2 scorpions (D:7)
  5 killer bees (D:10)
  3 vampire bats (Orc:2)
  7 wights (D:9)
  3 howler monkeys (D:10)
  4 electric eels
  A bullfrog zombie (D:6)
  4 centaur zombies
  6 hounds
  5 jellies
  19 orc priests
  A gnoll shaman (D:7)
  An iguana (D:6)
  A bullfrog skeleton (D:4)
  2 centaur skeletons (D:6)
  9 orc wizards
  11 hell rats
  3 killer bee zombies
  2 mummies (D:9)
  2 howler monkey zombies (D:9)
  2 killer bee simulacra (D:8)
  11 gnolls
  8 adders
  A shadow imp (D:6)
  A white imp (D:8)
  A howler monkey simulacrum (D:8)
  An ufetubus (D:8)
  A worm (D:5)
  3 dart slugs
  54 orcs
  11 endoplasms
  2 giant cockroaches (D:2)
  7 goblins
  3 hobgoblins
  13 jackals
  18 kobolds
  4 quokkas
  9 ball pythons
  11 bats
  7 frilled lizards
  11 rats
627 creatures vanquished.

Vanquished Creatures (collateral kills)
  2 orc warriors (Bailey)
  A centaur (Bailey)
  2 orcs (Bailey)
5 creatures vanquished.

Vanquished Creatures (others)
  A human (D:4)
  2 centaurs (Bailey)
  An orc wizard (D:11)
  An orc (Bailey)
  13 fungi
  46 plants
  4 withered plants (D:9)
68 creatures vanquished.

Grand Total: 700 creatures vanquished

Notes
Turn   | Place    | Note
-------+----------+-------------------------------------------
     0 | D:1      | tilp the Vine Stalker Brigand began the quest for the Orb.
     0 | D:1      | Reached XP level 1. HP: 11/11 MP: 2/2
   118 | D:1      | Reached skill level 2 in Fighting
   142 | D:1      | Reached XP level 2. HP: 13/15 MP: 3/3
   191 | D:1      | Found a faded altar of an unknown god.
   587 | D:1      | Reached XP level 3. HP: 19/19 MP: 4/4
  1072 | D:2      | Gained mutation: Your natural rate of healing is unusually
                  | fast. [Vine Stalker growth]
  1072 | D:2      | Reached XP level 4. HP: 23/23 MP: 5/5
  1394 | D:2      | Reached skill level 3 in Fighting
  2466 | D:3      | Reached XP level 5. HP: 28/28 MP: 6/6
  3001 | D:4      | Found an ancient bone altar of Kikubaaqudgha.
  3071 | D:4      | Reached skill level 4 in Fighting
  3071 | D:4      | Reached XP level 6. HP: 33/33 MP: 7/7
  3106 | D:4      | Reached skill level 1 in Dodging
  3128 | D:4      | Reached skill level 5 in Stealth
  3142 | D:4      | Found a blossoming altar of Fedhas.
  3169 | D:4      | Noticed a human
  3172 | D:4      | Killed a human
  3258 | D:4      | Found a shadowy altar of Dithmenos.
  3366 | D:4      | Found a staircase to the Ecumenical Temple.
  3589 | Temple   | Entered the Ecumenical Temple
  3835 | Temple   | Became a worshipper of the Wu Jian Council
  3879 | D:5      | Entered Level 5 of the Dungeon
  3931 | D:5      | Noticed a sky beast
  3962 | D:5      | Killed a sky beast
  4030 | D:5      | Found a stormy altar of Qazlal.
  4150 | D:5      | Noticed Grinder
  4172 | D:5      | Killed Grinder
  4173 | D:5      | Reached skill level 1 in Evocations
  4173 | D:5      | Reached XP level 7. HP: 25/38 MP: 4/8
  4246 | D:5      | Reached skill level 5 in Fighting
  4388 | D:5      | Reached skill level 5 in Short Blades
  4505 | D:5      | Found a snail-covered altar of Cheibriados.
  4679 | D:5      | Noticed a moth of wrath
  4682 | D:5      | Found a bloodstained altar of Trog.
  4786 | D:5      | Found a white marble altar of Elyvilon.
  4991 | D:6      | Gained mutation: You have razor-sharp teeth. [Vine Stalker
                  | growth]
  4991 | D:6      | Reached XP level 8. HP: 44/44 MP: 9/9
  5127 | D:6      | Reached skill level 6 in Fighting
  5178 | D:6      | Reached * piety under Wu Jian
  5627 | D:6      | Found a sparkling altar of Nemelex Xobeh.
  5916 | D:7      | Found a flagged portal.
  5925 | Bailey   | Entered a bailey
  5954 | Bailey   | Reached XP level 9. HP: 15/48 MP: 2/10
  7315 | Bailey   | Reached ** piety under Wu Jian
  7481 | Bailey   | Reached skill level 7 in Fighting
  7770 | D:7      | Found a sacrificial altar of Ru.
  7934 | D:7      | Reached XP level 10. HP: 54/55 MP: 11/11
  8236 | D:7      | Identified a scroll of acquirement
  8236 | D:7      | Acquired the +0 helmet of Temperance {-Cast +Inv rC+++
                  | Regen+}
  8296 | D:8      | Found a transporter.
  8324 | D:8      | Noticed funkygono's ghost (novice DjFE)
  8538 | D:8      | Noticed a death yak
  8556 | D:8      | Killed a death yak
  8556 | D:8      | Reached *** piety under Wu Jian
  8557 | D:8      | Reached skill level 8 in Fighting
  8660 | D:8      | Found a transporter.
  8674 | D:8      | Noticed a deep elf pyromancer
  8766 | D:8      | Reached skill level 10 in Short Blades
  8766 | D:8      | Reached skill level 1 in Armour
  8953 | D:8      | Reached skill level 5 in Armour
  8961 | D:8      | Found a radiant altar of Vehumet.
  9098 | D:8      | Noticed Erica
  9112 | D:8      | Killed Erica
  9113 | D:8      | Reached XP level 11. HP: 34/60 MP: 12/12
  9422 | D:9      | Found a hazy altar of Hepliaklqana.
  9720 | D:9      | Reached **** piety under Wu Jian
  9864 | D:9      | Found Ofeutait's Antique Armour Emporium.
  9869 | D:9      | Bought a pair of warped boots for 209 gold pieces
  9869 | D:9      | Identified the +1 pair of boots "Xeitiq" {+Inv rCorr Dex-5
                  | SInv} (You bought it in a shop on level 9 of the Dungeon)
  9869 | D:9      | Bought a glowing chain mail for 165 gold pieces
  9919 | D:9      | Found a shimmering blue altar of Sif Muna.
 10134 | D:9      | Noticed Harold
 10139 | D:9      | Killed Harold
 10140 | D:9      | Reached skill level 10 in Armour
 10293 | D:10     | Entered Level 10 of the Dungeon
 10523 | D:10     | Noticed a two-headed ogre
 10530 | D:10     | Killed a two-headed ogre
 10677 | D:10     | Found a staircase to the Orcish Mines.
 10932 | D:10     | Found an iron altar of Okawaru.
 11017 | D:10     | Noticed a cyclops
 11039 | D:10     | Killed a cyclops
 11535 | D:11     | Noticed a boulder beetle
 11552 | D:11     | Killed a boulder beetle
 11588 | D:11     | Noticed a manticore
 11594 | D:11     | Killed a manticore
 11595 | D:11     | Reached XP level 12. HP: 59/65 MP: 11/13
 11649 | D:11     | Found a staircase to the Lair.
 11708 | D:11     | Reached skill level 5 in Dodging
 11729 | D:11     | Found a runed translucent door.
 11802 | D:11     | Found a runed translucent door.
 11871 | D:11     | Reached skill level 9 in Fighting
 11879 | D:11     | Reached ***** piety under Wu Jian
 12018 | D:11     | Found Zin's Purification Station.
 12018 | D:11     | Found a glowing silver altar of Zin.
 12513 | Orc:1    | Entered Level 1 of the Orcish Mines
 12663 | Orc:2    | Entered Level 2 of the Orcish Mines
 12706 | Orc:2    | Found a staircase to the Elven Halls.
 13727 | Orc:2    | Found Jauregha's General Store.
 13728 | Orc:2    | Found Fuewal's Magic Scroll Shop.
 13965 | Orc:2    | Bought a scroll of fear for 35 gold pieces
 13965 | Orc:2    | Bought a scroll of blinking for 75 gold pieces
 13966 | Orc:2    | Noticed a sun demon
 14022 | Orc:2    | Killed a sun demon
 14106 | Orc:2    | Noticed a soul eater
 14111 | Orc:2    | Killed a soul eater
 14112 | Orc:2    | Reached skill level 10 in Fighting
 14301 | Orc:2    | Reached XP level 13. HP: 66/72 MP: 11/14
 14605 | Orc:2    | Reached skill level 11 in Fighting
 14605 | Orc:2    | Reached skill level 5 in Throwing
 14871 | Orc:2    | Found Hexzaina's Antique Armour Emporium.
 14871 | Orc:2    | Found Yscho's Book Shoppe.
 14872 | Orc:2    | Found a one-way gate leading to the halls of Pandemonium.
 14878 | Orc:2    | Bought a pair of distressingly furry gloves for 313 gold
                  | pieces
 14878 | Orc:2    | Identified the +0 pair of gloves of the Five Continents
                  | {rC- Regen+ Str+8 Stlth-} (You bought it in a shop on level
                  | 2 of the Orcish Mines)
 14955 | Orc:2    | Bought a +0 buckler of cold resistance for 195 gold pieces
 15122 | Orc:2    | Reached skill level 1 in Shields
 15955 | Lair:1   | Entered Level 1 of the Lair of Beasts
 16034 | Lair:1   | Reached XP level 14. HP: 79/79 MP: 15/15
 16281 | Lair:1   | Reached skill level 12 in Fighting
 16360 | Lair:1   | You fall into a shaft and drop 1 floor!
 16534 | Lair:2   | Reached skill level 5 in Evocations
 16558 | Lair:2   | Found a staircase to the Shoals.
 17211 | Lair:2   | Found a hole to the Spider Nest.
 17235 | Lair:2   | Reached ****** piety under Wu Jian
 18726 | Lair:4   | Reached skill level 5 in Shields
 18730 | Lair:4   | Found a runed translucent gate.
 18730 | Lair:4   | Found a runed translucent gate.
 18730 | Lair:4   | Found a runed translucent gate.
 18734 | Lair:4   | Noticed Som Pofo's ghost (journeyman DDGl)
 19503 | Lair:5   | Acquired a +2 quick blade
 19914 | Lair:5   | Found a staircase to the Slime Pits.
 19915 | Lair:5   | Found a viscous altar of Jiyva.
 20118 | Lair:6   | Entered Level 6 of the Lair of Beasts
 20198 | Lair:6   | Reached XP level 15. HP: 85/85 MP: 16/16
 20354 | Lair:5   | Reached skill level 13 in Fighting
 21291 | Lair:6   | Found the +2 Maxwell's thermic engine {flame, freeze}
 21646 | Lair:6   | Reached skill level 10 in Dodging
 21985 | Lair:6   | Reached skill level 14 in Fighting
 22126 | Lair:6   | Splashed by an oklob plant's acid

Illustrated notes

Levels and vault maps discovered:
D:1:      dpeg_arrival_connections, layout_loops_ring, basic_ecumenical_altar,
          hangedman_decor_growths
D:2:      layout_basic, minmay_pentomino_s4
D:3:      layout_basic
D:4:      layout_cave_pools, lemuel_coloured_pillars_altar, tgw_kikubaaqudgha,
          kennysheep_mini_moat, minmay_temple_entry_statues_fountains,
          serial_bayou_ford_a
D:5:      layout_loops_corners, tgw_trog, lemuel_doored_altar,
          old_standard_altar, general_overflow_altar,
          hangedman_abyss_or_decor_stagger, uniq_grinder
D:6:      layout_cave_pods, nemelex_xobeh_ov_fountains_minmay,
          kennysheep_generic_room_2
D:7:      layout_rooms, lemuel_round_altar, enter_bailey_6
D:8:      layout_basic, marbit_many_paths, serial_ice, serial_ice_i,
          serial_ice_b, serial_ice_n, serial_ice_g, serial_ice_e, serial_ice_f,
          serial_ice_d, serial_ice_c, serial_ice_o, serial_ice_m,
          nzn_ghost_randoct, uniq_erica
D:9:      layout_basic, lemuel_tele_altar, nzn_hepliaklqana_mist_gate,
          serial_undead, serial_undead_a, serial_undead_e, serial_undead_a,
          serial_undead_c, serial_undead_e, serial_undead_a, serial_undead_f,
          serial_undead_d, serial_shops, nicolae_shop_crystal, uniq_harold
D:10:     layout_basic, kennysheep_okawaru_gauntlet
D:11:     cheibrodos_histonic, layout_irregular_city, dpeg_oklobed_lair,
          zin_purify
Temple:   jpeg_temple_island
Lair:1:   layout_roguey, beast_lair_carwin_11, grunt_megastairs_5
Lair:2:   layout_regular_city, shoals_dummy_entry, spider_nest_entry_a,
          minivault_27, st_stairs_4, serial_bayou_shore_b
Lair:3:   layout_cave_pods, grunt_megastairs_2, serial_bayou_shore_a
Lair:4:   layout_cave_pods, gammafunk_ghost_split
Lair:5:   layout_roguey, slime_altar_1
Lair:6:   evilmike_catoblepas_cave, layout_small_grid, grunt_megastairs_3,
          minmay_lair_oklob_chamber
Orc:1:    layout_caves
Orc:2:    pf_orc_diabolical, layout_diamond_mine, basic_altar, roderic_batcave

Skill      XL: |  1  2  3  4  5  6  7  8  9 10 11 12 13 14 15 |
---------------+----------------------------------------------+-----
Fighting       | 2 3 4 5 6 7 8 10 11 12 14 | 14.0
Short Blades   | 2 3 4 5 6 8 10 | 10.0
Dodging        | 2 4 6 8 9 10 | 10.0
Stealth        | 5 6 |  6.0
Evocations     | 1 2 4 6 |  6.0
Armour         | 7 11 12 | 12.0
Throwing       | 3 6 |  6.0
Shields        | 4 6 8 |  8.0

Action                   |  1- 3 |  4- 6 |  7- 9 | 10-12 | 13-15 || total
-------------------------+-------+-------+-------+-------+-------++-------
Melee: Dagger            |    91 |   196 |   405 |       |       ||   692
       Bite              |    15 |    58 |   187 |   380 |   655 ||  1295
       Short sword       |       |       |    22 |   893 |  1364 ||  2279
       Double sword      |       |       |       |       |    76 ||    76
Throw: Dart              |       |    11 |    23 |     5 |    10 ||    49
       Javelin           |       |       |     3 |       |       ||     3
Invok: Lunge             |       |       |    49 |    70 |    45 ||   164
       Whirlwind         |       |       |    21 |   115 |   153 ||   289
       Heavenly Storm    |       |       |       |     1 |       ||     1
       Serpent's Lash    |       |       |       |       |     1 ||     1
 Abil: Wall Jump         |       |       |       |     2 |       ||     2
Evoke: Wand              |       |       |     7 |     6 |       ||    13
       Lightning rod     |       |       |       |       |     3 ||     3
  Use: Scroll            |       |    10 |     5 |     9 |     3 ||    27
       Potion            |       |       |     2 |       |       ||     2
 Stab: Sleeping          |    10 |     4 |       |       |       ||    14
Armor: Ring mail         |    28 |       |       |       |       ||    28
       Robe              |     1 |       |       |       |       ||     1
       Chain mail        |       |    54 |   133 |   236 |   390 ||   813
Dodge: Dodged            |    50 |    39 |   192 |   337 |   636 ||  1254
Block: Buckler           |       |       |       |       |   201 ||   201
       Rpst.: Double sword |       |       |       |       |    15 ||    15

Table legend: (Time is in decaauts)
 A = Elapsed time spent in this place.
 B = Non-inter-level travel time spent in this place.
 C = Inter-level travel time spent in this place.
 D = Time resting spent in this place.
 E = Time spent auto-exploring this place.
 F = Levels seen in this place.
 G = Mean time per level.
                   A        B        C        D        E       F      G
               +--------+--------+--------+--------+--------+-----+--------+
         Total |  21328 |  20229 |   1099 |   2474 |  12995 |  21 | 1015.6 |
       Dungeon |  10543 |   9965 |    578 |    476 |   7565 |  11 |  958.5 |
        Temple |    315 |    273 |     42 |      0 |    270 |   1 |  315.0 |
          Lair |   5858 |   5630 |    228 |    512 |   3934 |   6 |  976.3 |
  Orcish Mines |   2958 |   2709 |    249 |    830 |    976 |   2 | 1479.0 |
        Bailey |   1653 |   1653 |      0 |    655 |    249 |   1 | 1653.0 |
               +--------+--------+--------+--------+--------+-----+--------+

Top non-repeatable levels by time:
   Orc:2: 2320 daAuts
  Bailey: 1653 daAuts
  Lair:6: 1554 daAuts
    D:11: 1264 daAuts
    D:10: 1236 daAuts
     D:3: 1129 daAuts
     D:5: 1055 daAuts
  Lair:5: 1044 daAuts
  Lair:3: 1001 daAuts
     D:8: 993 daAuts
     D:6: 982 daAuts
     D:2: 930 daAuts
     D:9: 928 daAuts
  Lair:2: 901 daAuts
  Lair:4: 839 daAuts
